 Dungeon Crawl Stone Soup version 0.20.1-1-g8b1a95d (webtiles) character file.

186 schauveau the Covered (level 5, -1/33 HPs)
             Began as a Gargoyle Fighter on Dec 3, 2017.
             Killed from afar by an orc wizard (10 damage)
             ... with a magic dart
             ... on level 4 of the Dungeon.
             The game lasted 00:04:13 (1121 turns).

schauveau the Covered (Gargoyle Fighter)            Turns: 1121, Time: 00:04:13

Health: -1/33      AC: 13    Str: 19    XL:     5   Next: 65%
Magic:  5/5        EV:  7    Int: 13    God:
Gold:   36         SH:  9    Dex: 10    Spells: 4/4 levels left

rFire    . . .     SeeInvis .   a - +0 flail
rCold    . . .     Gourm    .   c - +0 shield
rNeg     + . .     Faith    .   b - +0 scale mail
rPois    ∞         Spirit   .   (no helmet)
rElec    +         Reflect  .   (no cloak)
rCorr    .         Harm     .   (no gloves)
MR       .....                  t - +1 pair of boots
Stlth    ..........             (no amulet)
Regen    0.2/turn               h - +4 ring of intelligence
MPRegen  0.1/turn               (no ring)

@: no status effects
A: negative energy resistance 1, electricity resistance, unbreathing,
petrification resistance, rot immunity, AC +4
a: no special abilities


You were on level 4 of the Dungeon.
You were not hungry.

You visited 1 branch of the dungeon, and saw 5 of its levels.

You collected 72 gold pieces.
You spent 36 gold pieces at shops.

Inventory:

Hand Weapons
 a - a +0 flail (weapon)
Armour
 b - a +0 scale mail (worn)
 c - a +0 shield (worn)
 t - a +1 pair of boots (worn)
Jewellery
 h - a +4 ring of intelligence (left hand)
Wands
 k - a wand of iceblast (9/15)
 l - a wand of iceblast (2/15)
 s - a wand of iceblast (5/15)
Scrolls
 e - a scroll of fog
 n - 2 scrolls of remove curse
 o - 3 scrolls of teleportation
Potions
 d - a potion of might
 i - 3 potions of curing
 j - a potion of resistance
 m - a potion of flight
Comestibles
 f - 4 bread rations
 g - 2 meat rations
 q - 16 fruits
 r - a royal jelly


   Skills:
 + Level 4.2 Fighting
 * Level 3.5 Maces & Flails
 + Level 4.3 Armour
 - Level 4.2 Shields


You had 4 spell levels left.
You didn't know any spells.

Dungeon Overview and Level Annotations

Branches:
Dungeon (5/15)
 Temple: D:4-7

Altars:
Elyvilon

Shops:
D:4 :!*=?(*


Innate Abilities, Weirdness & Mutations

You are resistant to torment.
Your stone body is resilient. (AC +4)
You are immune to poison.
You resist negative energy. (rN+)
You are resistant to electric shocks. (rElec)
You can survive without breathing.
You are immune to petrification.
You are immune to rotting.


Message History

The orc wizard is moderately wounded.
The orc wizard hits you but does no damage.
The orc wizard gestures at you while chanting.
The magic dart hits you!
You closely miss the orc wizard.
The orc wizard is moderately wounded.
The orc wizard casts a spell at you. The magic dart hits you!
You block the orc wizard's attack.
You sock the orc wizard!
The orc wizard is almost dead.
You block the orc wizard's attack.
The orc wizard points at you and mumbles some strange words.
The magic dart hits you!
* * * LOW HITPOINT WARNING * * *
You closely miss the orc wizard.
The orc wizard is almost dead.
The orc wizard is no longer moving quickly.
The orc wizard points at you and mumbles some strange words.
The magic dart hits you!
You die...

#....+
....#.........# ....
#(...#
...+.........# ...
#....#
....#.........# ...
#....#####
...###.##...## #....
..###.##...## +..§.
#..#........# #....
+..#........#
#....###o.#........#
#....).[@..........#
#.$........≈......##
#.....#....≈≈.≈...#
#...?.##+#..≈≈≈≈..#
#.####.......≈.≈.##
.. #...........# ..
#.......##### .
#......## #......#


You could see an orc wizard.

Vanquished Creatures
  A centaur (D:3)
  Ijyb (D:4)
  A worker ant (D:4)
  An adder (D:2)
  An adder skeleton (D:4)
  6 orcs
  A ball python (D:3)
  8 goblins
  2 hobgoblins
  4 jackals (D:1)
  6 kobolds
  2 quokkas (D:4)
  3 bats
  5 frilled lizards
  A rat (D:1)
43 creatures vanquished.

Notes
Turn   | Place    | Note
-------+----------+-------------------------------------------
     0 | D:1      | schauveau the Gargoyle Fighter began the quest for the Orb.
     0 | D:1      | Reached XP level 1. HP: 14/14 MP: 1/1
   154 | D:1      | Reached XP level 2. HP: 10/19 MP: 2/2
   387 | D:2      | Reached XP level 3. HP: 23/23 MP: 3/3
   414 | D:3      | Found a white marble altar of Elyvilon.
   634 | D:3      | Noticed a centaur
   675 | D:3      | Killed a centaur
   675 | D:3      | Reached XP level 4. HP: 16/29 MP: 4/4
   675 | D:3      | Reached XP level 5. HP: 18/33 MP: 5/5
   700 | D:4      | Found Lyqacane's Magic Scroll Emporium.
   714 | D:4      | Bought a scroll of teleportation for 36 gold pieces
   754 | D:5      | Entered Level 5 of the Dungeon
   827 | D:4      | Found Guyr's Distillery.
   832 | D:4      | Found Vealax's Assorted Antiques.
   833 | D:4      | Found Huabaobe's Jewellery Emporium.
   833 | D:4      | Found Soq Zus's Book Emporium.
   876 | D:4      | Found Vuablil's Assorted Antiques.
   926 | D:5      | Noticed Ijyb
   955 | D:4      | Killed Ijyb
  1027 | D:4      | Found Bophan's Antique Weapon Emporium.
  1121 | D:4      | Killed from afar by an orc wizard

Skill      XL: |  1  2  3 |
---------------+----------+-----
Fighting       | 4 |  4.2
Maces & Flails | 3 |  3.5
Armour         | 4 |  4.3
Shields        | 4 |  4.2

Action                   |  1- 3 |  4- 6 || total
-------------------------+-------+-------++-------
Melee: Flail             |   128 |    66 ||   194
  Use: Scroll            |       |     7 ||     7
  Eat: Chunk             |       |     1 ||     1
Armor: Scale mail        |    76 |    39 ||   115
Dodge: Dodged            |    37 |    13 ||    50
Block: Shield            |    88 |    38 ||   126
